 Dungeon Crawl Stone Soup version 0.30-a0-1103-g25895a7845 (webtiles) character file.

Game seed: 15447326093094369094

343 avis the Changer (level 6, 0/51 HPs)
             Began as a Demigod Transmuter on Apr 19, 2023.
             Slain by a jelly (1 damage)
             ... on level 4 of the Dungeon.
             The game lasted 00:20:47 (3404 turns).

avis the Changer (Demigod Transmuter)               Turns: 3404, Time: 00:20:48

Health: 0/51       AC: -2    Str: 21    XL:     6   Next: 9%
Magic:  13/13      EV: 13    Int: 15    God:
Gold:   127        SH:  0    Dex: 18    Spells: 5/11 levels left

rFire   . . .      SeeInvis .    a - +1 dagger (venom)
rCold   . . .      Faith    .    (no shield)
rNeg    . . .      Spirit   .    g - +0 robe
rPois   .          Reflect  .    (no helmet)
rElec   .          Rampage  .    (no cloak)
rCorr   .                        (no gloves)
Will    .....                    (no boots)
Stlth   ++                       z - amulet of magic regeneration
HPRegen 0.28/turn                b - +6 ring of strength
MPRegen 0.53/turn                (no ring)

@: corroded
A: high MP 1, forlorn, divine attributes
a: no special abilities


You were on level 4 of the Dungeon.
You visited 1 branch of the dungeon, and saw 4 of its levels.

You collected 127 gold pieces.

Inventory:

Hand Weapons
 a - a +1 dagger of venom (weapon)
 d - a +0 dagger of venom
 u - a +3 hand axe
 w - a +2 dagger of freezing
 B - a +2 short sword of speed
 C - a +2 heavy war axe
Missiles
 o - 14 stones
 A - a throwing net
Armour
 g - a +0 robe (worn)
Jewellery
 b - a +6 ring of strength (left hand)
 z - an amulet of magic regeneration (around neck)
Wands
 r - a wand of iceblast (9)
Scrolls
 c - 2 scrolls of identify {unknown}
 e - 6 scrolls of teleportation {unknown}
 f - 2 scrolls of poison {unknown}
 h - 3 scrolls of vulnerability {unknown}
 j - a scroll of fear {unknown}
 l - a scroll of enchant armour {unknown}
 m - a scroll of enchant weapon {unknown}
 x - a scroll of brand weapon {unknown}
 y - a scroll of immolation {unknown}
Potions
 i - a potion of resistance {unknown}
 k - a potion of might {unknown}
 n - 2 potions of lignification
 p - a potion of heal wounds {unknown}
 q - a potion of attraction {unknown}
 s - a potion of flight {unknown}
 t - 2 potions of berserk rage {unknown}
 v - a potion of degeneration {unknown}
 D - a potion of ambrosia {unknown}


   Skills:
 - Level 3.0 Fighting
 - Level 3.0 Dodging
 - Level 3.0 Unarmed Combat
 - Level 3.0 Spellcasting
 * Level 3.4 Transmutations
 - Level 1.0 Poison Magic


You had 5 spell levels left.
You knew the following spells:

 Your Spells              Type           Power      Damage    Failure   Level
a - Beastly Appendage     Tmut           24%        N/A       4%          1
e - Wereblood             Tmut           12%        N/A       8%          2
p - Spider Form           Tmut/Pois      8%         N/A       24%         3

Your spell library contained the following spells:

 Spells                   Type           Power      Damage    Failure   Level
 Passwall                 Tmut/Erth      5%         N/A       16%         2
 Ensorcelled Hibernation  Hex/Ice        4%         N/A       30%         2
 Lesser Beckoning         Tloc           4%         N/A       30%         2
 Sublimation of Blood     Necr           2%         N/A       30%         2
 Gell's Gravitas          Tloc           2%         N/A       52%         3
 Swiftness                Air            2%         N/A       52%         3
 Teleport Other           Tloc           2%         N/A       52%         3
 Volatile Blastmotes      Fire/Tloc      4%         2d10      52%         3
 Ice Form                 Ice/Tmut       7%         N/A       69%         4
 Petrify                  Tmut/Erth      7%         N/A       69%         4
 Fulminant Prism          Conj/Hex       1%         3d5       89%         4
 Iskenderun's Mystic Bla  Conj/Tloc      2%         2d3       89%         4
 Irradiate                Conj/Tmut      3%         3d12      95%         5
 Lee's Rapid Deconstruct  Erth           1%         3d4*      99%         5


Dungeon Overview and Level Annotations

Branches:
Dungeon (4/15)
 Temple: D:4-7

Shops:
D:3 ((:(

Annotations:
D:2 Deep water unexplored.


Innate Abilities, Weirdness & Mutations

You have an increased reservoir of magic. (+10% MP)
You shall have no god before yourself.
Your divine heritage dramatically boosts your attributes as you level up.


Message History

You are splashed with acid!
The ogre misses you.
You bite the ogre!
The ogre looks as sick as possible!
The ogre is almost dead.
The kobold misses you. The jelly barely misses you.
You hit the ogre.
You kill the ogre!
The jelly hits you but does no damage.
The kobold hits you with a +0 short sword.
Training target 3.0 for Spellcasting reached!
Your Spellcasting skill increases to level 3!
You need to enable at least one skill for training.
You have reached level 6!
Your experience leads to a dramatic increase in your attributes!
Your base attributes are Str 15, Int 15, Dex 14.
Increase (S)trength, (I)ntelligence, or (D)exterity?
You feel agile. x4
You hit the jelly but do no damage.
Your front pincers burn!
The jelly completely misses you.
The kobold hits you with a +0 short sword.
You bite the jelly! The acid corrodes you!
Your front pincers burn!
The jelly is heavily wounded.
You hit the jelly.
Your front pincers burn!
The jelly is severely wounded.
The kobold completely misses you. The jelly hits you.
You are splashed with acid!
You hit the jelly but do no damage.
Your front pincers burn!
The jelly is severely wounded.
Your transformation has ended.
Your +1 dagger of venom unmelds from your body.
Your +0 robe unmelds from your body.
Your +1 dagger of venom begins to drip with poison!
The jelly hits you.
* * * LOW HITPOINT WARNING * * *
You are splashed with acid!
* * * LOW HITPOINT WARNING * * *
The kobold hits you with a +0 short sword.
* * * LOW HITPOINT WARNING * * *
Okay, then.
The jelly attacks as you move away! The jelly hits you.
You die...

#8..#......#.###........
#....[........#.....##.
#..................###
##..#..#................
#8..........†.......=...
##......................
#.....>..................
###..........J)..........
#...#....).@.....###...
...##.......K..#.# ...
.....#.........##..#
....$.#..............#
#..##.#.....#####.# ..
...... ... #..##. .#.
..#.## #.. .. #.###....#
.P #..##....##


You could see a jelly and a kobold.

Vanquished Creatures
  An ogre (D:4)
  A scorpion (D:4)
  An orc wizard (D:4)
  Terence (D:3)
  3 gnolls
  5 adders
  2 worms
  A dart slug (D:1)
  5 orcs (D:4)
  5 ball pythons
  4 endoplasms
  3 giant cockroaches
  6 hobgoblins
  2 jackals
  4 quokkas
  9 bats
  A frilled lizard (D:1)
  10 goblins
  3 kobolds
  5 rats
72 creatures vanquished.

Vanquished Creatures (others)
  3 plants (D:4)
3 creatures vanquished.

Grand Total: 75 creatures vanquished

Notes
Turn   | Place    | Note
-------+----------+-------------------------------------------
     0 | D:1      | avis the Demigod Transmuter began the quest for the Orb.
     0 | D:1      | Reached XP level 1. HP: 15/15 MP: 5/5
    70 | D:1      | Reached skill level 1 in Fighting
   444 | D:1      | Reached XP level 2. HP: 24/24 MP: 5/7
  1364 | D:2      | Reached XP level 3. HP: 29/29 MP: 6/8
  1401 | D:2      | Reached skill level 1 in Poison Magic
  1404 | D:2      | Learned a level 2 spell: Wereblood
  1408 | D:2      | Learned a level 3 spell: Spider Form
  2222 | D:3      | Found Pyraz's Book Shop.
  2232 | D:3      | Noticed Terence
  2243 | D:3      | Killed Terence
  2244 | D:3      | Reached XP level 4. HP: 16/36 MP: 5/9
  2480 | D:3      | Found Funiny's Antique Weapon Shop.
  2495 | D:3      | Found Vinao's Antique Weapon Boutique.
  2618 | D:3      | Found Kofutil's Antique Weapon Shop.
  3030 | D:4      | Reached XP level 5. HP: 24/45 MP: 10/10
  3364 | D:4      | Noticed an ogre
  3399 | D:4      | Killed an ogre
  3400 | D:4      | Reached XP level 6. HP: 41/51 MP: 13/13
  3403 | D:4      | HP: 1/51 [kobold/+0 short sword (4)]
  3404 | D:4      | Slain by a jelly

Illustrated notes

Levels and vault maps discovered:
D:1:      minmay_arrival_pointy, layout_basic, serial_bayou_lagoon_a
D:2:      layout_rooms, serial_rivers, chequers_serial_rivers_micro_a,
          chequers_serial_rivers_micro_d, chequers_serial_rivers_micro_e,
          chequers_serial_rivers_micro_a, chequers_serial_rivers_large_a,
          chequers_serial_rivers_micro_e, basic_altar,
          hangedman_decor_clover_reticule, minmay_pentomino_x4
D:3:      layout_rooms, nicolae_dithmenos_the_darkroom, serial_shops,
          nicolae_shop_pleasant_corner_grove, shop, shop, shop, uniq_terence
D:4:      cheibrodos_old_hovel, layout_cave_pools,
          chequers_temple_overflow_statue_of_worship,
          chequers_hall_statues_corner_a, serial_bayou_pond_b,
          uniq_crazy_yiuf_cottage, uniq_blork_the_orc

Skill      XL: |  1  2  3  4  5 |
---------------+----------------+-----
Fighting       | 2 3 |  3.0
Unarmed Combat | 3 |  3.0
Dodging        | 2 3 |  3.0
Spellcasting   | 2 3 |  3.0
Transmutations | 2 3 |  3.4
Poison Magic   | 1 |  1.0

Action                     |  1- 3 |  4- 6 || total
---------------------------+-------+-------++-------
  Melee: Dagger            |   103 |    48 ||   151
         Unarmed           |     7 |    33 ||    40
         Kick              |    14 |    13 ||    27
         Headbutt          |    11 |     9 ||    20
         Punch             |     1 |     2 ||     3
   Cast: Beastly Appendage |    26 |    15 ||    41
         Spider Form       |     1 |     7 ||     8
    Use: Potion            |     1 |       ||     1
   Stab: Sleeping          |     2 |     1 ||     3
 Armour: Robe              |    16 |    10 ||    26
         Skin              |       |     1 ||     1
  Dodge: Dodged            |    63 |    65 ||   128

Table legend: (Time is in decaauts)
 A = Elapsed time spent in this place.
 B = Non-inter-level travel time spent in this place.
 C = Inter-level travel time spent in this place.
 D = Time resting spent in this place.
 E = Time spent auto-exploring this place.
 F = Levels seen in this place.
 G = Mean time per level.
                   A        B        C        D        E       F      G
               +--------+--------+--------+--------+--------+-----+--------+
         Total |   3432 |   3048 |    384 |    423 |   1779 |   4 |  858.0 |
       Dungeon |   3432 |   3048 |    384 |    423 |   1779 |   4 |  858.0 |
               +--------+--------+--------+--------+--------+-----+--------+

Top non-repeatable levels by time:
     D:1: 1321 daAuts
     D:3: 993 daAuts
     D:2: 976 daAuts
     D:4: 141 daAuts
